 Dungeon Crawl Stone Soup version 0.26-b1-59-ge38874ec40 (webtiles) character file.

Game seed: 649722435942288170

33 raceaflais the Covered (level 3, 0/27 HPs)
             Began as a Barachi Fighter on Jan 8, 2021.
             Slain by a goblin (4 damage)
             ... led by Robin
             ... on level 2 of the Dungeon.
             The game lasted 00:02:36 (1137 turns).

raceaflais the Covered (Barachi Fighter)            Turns: 1137, Time: 00:02:36

Health: 0/27       AC:  7    Str: 18    XL:     3   Next: 29%
Magic:  3/3        EV:  7    Int:  8    God:
Gold:   94         SH:  9    Dex: 11    Spells: 2/2 levels left

rFire    . . .     SeeInvis .   a - +0 long sword
rCold    . . .     Faith    .   c - +0 kite shield
rNeg     . . .     Spirit   .   b - +0 scale mail
rPois    +         Reflect  .   (no helmet)
rElec    .         Harm     .   (no cloak)
rCorr    .         Rampage  .   (no gloves)
Will     .....                  (no boots)
Stlth    ..........             (no amulet)
HPRegen  0.09/turn              (no ring)
MPRegen  0.08/turn              (no ring)

@: slow
A: +LOS, swims, frail 1, mutation resistance 1, poison resistance, slowness 1,
MP-powered wands, strong legs 1
a: Hop


You were on level 2 of the Dungeon.
You visited 1 branch of the dungeon, and saw 2 of its levels.

You collected 94 gold pieces.

Inventory:

Hand Weapons
 a - a +0 long sword (weapon)
Armour
 b - a +0 scale mail (worn)
 c - a +0 kite shield (worn)
Jewellery
 m - a cursed -4 ring of strength
Wands
 r - a wand of paralysis (12)
Scrolls
 e - 2 scrolls of identify
 h - a scroll of fear {unknown}
 j - a scroll of magic mapping {unknown}
 k - a scroll of blinking {unknown}
 o - a scroll of amnesia {unknown}
 p - a scroll of enchant armour {unknown}
Potions
 d - a potion of might
 i - 2 potions of haste


   Skills:
 + Level 3.9 Fighting
 + Level 3.1 Long Blades
 + Level 4.1 Armour
 + Level 3.6 Shields


You had 2 spell levels left.
You didn't know any spells.
Your spell library was empty.

Dungeon Overview and Level Annotations

Branches:
Dungeon (2/15)

Altars:

Annotations:
D:2 Robin


Innate Abilities, Weirdness & Mutations

You can be seen from farther away. (+LOS)
You can swim through water.
You cover ground slowly.
You can hop short distances.
You are frail. (-10% HP)
You are somewhat resistant to further mutation.
Your system is resistant to poisons. (rPois)
You expend magic power (3 MP) to strengthen your wands.


Message History

The goblin hits you but does no damage. You block the goblin's attack.
Unknown command.
You hit the goblin.
You kill the goblin!
The goblin hits you.
* * * LOW HITPOINT WARNING * * *
The goblin hits you but does no damage.
You hit the hobgoblin but do no damage.
The hobgoblin no longer looks unusually strong.
The hobgoblin hits you but does no damage.
You block the goblin's attack.
The hobgoblin hits you but does no damage.
The goblin closely misses you. The goblin hits you but does no damage.
You block the hobgoblin's attack.
As you read the scroll labelled ORUTEE ACZASEQ, it crumbles to dust.
It is a scroll of identify.
m - a cursed -4 ring of strength The goblin no longer looks unusually strong.
The goblin hits you.
You die...

#. .. #.#.# #.#.#
#.#.## #.#.. ....
..# #.#.# #..# #.#.
.######g#.#####...
#..
.....ggggg.......#
.#.# #g@g.......#
.#..
###.######>####.#..
#.######.##......
#.)...........♣♣♣
#....((......♣ #
########.##..♣
#.##..♣# #.##...♣♣♣
#.###.....


You could see Robin, 4 hobgoblins and 3 goblins.

Vanquished Creatures
  A gnoll (D:1)
  A ball python (D:1)
  3 bats (D:1)
  9 goblins
  2 hobgoblins (D:1)
  2 jackals (D:1)
  2 rats (D:1)
20 creatures vanquished.

Notes
Turn   | Place    | Note
-------+----------+-------------------------------------------
     0 | D:1      | raceaflais the Barachi Fighter began the quest for the Orb.
     0 | D:1      | Reached XP level 1. HP: 18/18 MP: 1/1
   173 | D:1      | Reached XP level 2. HP: 25/25 MP: 2/2
   359 | D:1      | Reached skill level 4 in Armour
   359 | D:1      | Reached XP level 3. HP: 15/30 MP: 3/3
  1108 | D:2      | Noticed Robin
  1124 | D:2      | Gained mutation: You are frail. (-10% HP) [potion of
                  | mutation]
  1124 | D:2      | Gained mutation: You expend magic power (3 MP) to
                  | strengthen your wands. [potion of mutation]
  1124 | D:2      | Gained mutation: Your system is resistant to poisons.
                  | (rPois) [potion of mutation]
  1124 | D:2      | Gained mutation: You are somewhat resistant to further
                  | mutation. [potion of mutation]
  1137 | D:2      | Slain by a goblin

Illustrated notes

Levels and vault maps discovered:
D:1:      dpeg_arrival_rooms_a, layout_basic
D:2:      layout_loops_ring, lemuel_blue_sif_altar, grunt_ministairs_15,
          minmay_stone_trees_medium, uniq_robin

Skill      XL: |  1  2 |
---------------+-------+-----
Long Blades    | 3 |  3.1
Armour         | 4 |  4.1
Fighting       | |  3.9
Shields        | |  3.6

Action                   || total
-------------------------++-------
Melee: Long sword        ||    64
 Abil: Hop               ||     2
  Use: Potion            ||     7
       Scroll            ||     1
Armor: Scale mail        ||    58
Dodge: Dodged            ||    54
Block: Kite shield       ||    67
       Rpst.: Long sword ||    12
